 Dungeon Crawl Stone Soup version 0.26-a0-670-g578ab304f5 (webtiles) character file.

Game seed: 18340309666373878667

5481 DogServant the Martial Artist (level 10, 0/76 HPs)
             Began as a Merfolk Transmuter on Oct 19, 2020.
             Was a High Priest of Okawaru.
             Slain by a troll (12 damage)
             ... on level 9 of the Dungeon.
             The game lasted 00:17:26 (9878 turns).

DogServant the Martial Artist (Merfolk Transmuter)  Turns: 9878, Time: 00:17:27

Health: 0/76       AC:  6    Str: 14    XL:     10   Next: 69%
Magic:  1/14       EV: 15    Int: 13    God:    Okawaru [*****.]
Gold:   255        SH:  0    Dex: 14    Spells: 0/15 levels left

rFire    . . .     SeeInvis .     - Unarmed
rCold    + . .     Faith    .   (shield currently unavailable)
rNeg     . . .     Spirit   .   f - +0 robe
rPois    .         Reflect  .   M - +2 hat
rElec    .         Harm     .   (no cloak)
rCorr    .         Rampage  .   (gloves currently unavailable)
MR       .....                  J - +1 pair of boots
Stlth    ++........             (no amulet)
HPRegen  0.22/turn              x - ring of protection from cold
MPRegen  0.14/turn              y - ring of stealth

@: blade hands, flying, very slightly contaminated
A: change form in water, swift swim, stealthy swim
a: End Transformation, Heroism, Finesse, Renounce Religion


You were on level 9 of the Dungeon.
You worshipped Okawaru.
Okawaru was extremely pleased with you.
You had blades for hands.
You visited 1 branch of the dungeon, and saw 9 of its levels.

You collected 560 gold pieces.
You spent 305 gold pieces at shops.

Inventory:

Missiles
 n - 2 throwing nets (quivered)
 p - 51 poisoned darts
Armour
 a - a +1 robe
 f - a +0 robe (worn)
 g - a +0 pair of gloves (melded)
 t - a +2 chain mail of poison resistance
 B - a +3 ring mail of magic resistance
 C - a +0 buckler
 J - a +1 pair of boots (worn)
 M - a +2 hat (worn)
Jewellery
 u - a +4 ring of evasion
 x - a ring of protection from cold (left scythe-like blade)
 y - a ring of stealth (right scythe-like blade)
Wands
 c - a wand of random effects (27)
 d - a wand of polymorph (5)
 z - a wand of flame (7)
 D - a wand of paralysis (5)
 I - a wand of iceblast (4)
Scrolls
 h - a scroll of noise {unknown}
 i - 6 scrolls of remove curse
 j - 2 scrolls of magic mapping {unknown}
 k - a scroll of random uselessness {unknown}
 l - 3 scrolls of teleportation {unknown}
 m - a scroll of blinking {unknown}
 q - a scroll of fog {unknown}
 s - 2 scrolls of amnesia {unknown}
 v - a scroll of brand weapon {unknown}
 A - a scroll of enchant armour
 F - a scroll of holy word {unknown}
 K - a scroll of identify
Potions
 b - 2 potions of cancellation
 e - 3 potions of flight
 o - a potion of resistance
 r - 2 potions of ambrosia
 w - a potion of berserk rage
 E - 2 potions of magic {unknown}
 G - 2 potions of heal wounds
 H - a potion of degeneration {unknown}
 L - a potion of mutation {unknown}


   Skills:
 + Level 5.9 Fighting
 + Level 1.8 Armour
 - Level 5.0 Dodging
 - Level 12.3 Unarmed Combat
 - Level 3.0 Spellcasting
 + Level 8.7 Transmutations
 - Level 4.0 Ice Magic
 - Level 1.0 Poison Magic
 - Level 3.0 Invocations


You couldn't memorise any spells.
You knew the following spells:

 Your Spells              Type           Power        Failure   Level
a - Beastly Appendage     Tmut           ###...       13%         1
b - Wereblood             Tmut           ###.....     16%         2
c - Spider Form           Tmut/Pois      ##........   45%         3
d - Ice Form              Ice/Tmut       ###.....     58%         4
e - Blade Hands           Tmut           ###.......   61%         5

Your spell library contained the following spells:

 Spells                   Type           Power        Failure   Level


Dungeon Overview and Level Annotations

Branches:
Dungeon (9/15)             Temple (0/1) D:5
   Lair: D:8-11         Orc: D:9-12

Altars:
Ashenzari
Fedhas
Hepliaklqana
Okawaru
Qazlal
Ru
Sif Muna
The Shining One

Shops:
D:8 [


Message History

The troll claws you but does no damage. The troll claws you.
You slash the troll!
The troll is moderately wounded.
The troll bites you! The troll closely misses you. The troll claws you.
You hit the troll.
The troll is heavily wounded.
You barely miss the troll.
The troll is heavily wounded.
The troll bites you.
* * * LOW HITPOINT WARNING * * *
The troll claws you.
* * * LOW HITPOINT WARNING * * *
The troll claws you.
* * * LOW HITPOINT WARNING * * *
Okay, then.
You feel very buoyant.
You fly up into the air.
The troll misses you. The troll claws you.
* * * LOW HITPOINT WARNING * * *
The troll claws you!
You die...

## #≈≈≈≈≈≈≈≈≈# .#
##.#####.## .###
#..###..# ...###
#.....## .<.>.#
###.### ...#.#
#####'### ...#
#.......# ...#
#....>..### .).#
+.......'@# ...#
#.......#.T......
...#
#.......###......
#### ####+####
.....[ .....
####.


You could see a troll.

Vanquished Creatures
  2 two-headed ogres
  Erica (D:8)
  A cyclops (D:6)
  Prince Ribbit (D:6)
  Duvessa (D:7)
  2 phantoms
  A necrophage (D:8)
  3 sky beasts
  5 ogres
  2 big kobolds
  2 bullfrogs
  Dowan (D:7)
  6 scorpions
  5 killer bees (D:8)
  3 howler monkeys
  A bullfrog zombie (D:5)
  A centaur zombie (D:8)
  An orc priest (D:5)
  4 orc wizards
  4 jellies
  8 hounds
  Jessica (D:2)
  An iguana (D:8)
  4 worker ants
  2 worker ant zombies (D:5)
  10 adders
  A shadow imp (D:4)
  An ufetubus (D:8)
  2 oozes
  2 adder zombies (D:6)
  2 worms
  A dart slug (D:1)
  2 leopard geckos
  11 orcs
  9 giant cockroaches
  3 goblins
  7 hobgoblins
  15 jackals
  6 quokkas
  3 ball pythons
  3 bats
  7 frilled lizards
  8 kobolds
  8 rats
164 creatures vanquished.

Vanquished Creatures (others)
  An orc (D:3)
1 creature vanquished.

Grand Total: 165 creatures vanquished

Notes
Turn   | Place    | Note
-------+----------+-------------------------------------------
     0 | D:1      | DogServant the Merfolk Transmuter began the quest for the
                  | Orb.
     0 | D:1      | Reached XP level 1. HP: 15/15 MP: 3/3
   450 | D:1      | Reached XP level 2. HP: 21/21 MP: 3/5
  1085 | D:1      | Learned a level 2 spell: Wereblood
  1357 | D:2      | Found an iron altar of Okawaru.
  1365 | D:2      | Became a worshipper of Warmaster Okawaru
  1526 | D:2      | Found a glowing golden altar of the Shining One.
  1601 | D:2      | Reached skill level 4 in Unarmed Combat
  1601 | D:2      | Reached XP level 3. HP: 26/26 MP: 4/6
  1809 | D:2      | Noticed Jessica
  1826 | D:2      | Killed Jessica
  1826 | D:2      | Reached XP level 4. HP: 23/32 MP: 5/7
  1831 | D:2      | Learned a level 3 spell: Spider Form
  2871 | D:3      | Reached skill level 5 in Transmutations
  2871 | D:3      | Reached skill level 1 in Poison Magic
  2871 | D:3      | Reached XP level 5. HP: 28/37 MP: 2/8
  2881 | D:3      | Reached skill level 5 in Unarmed Combat
  3107 | D:3      | Found a stormy altar of Qazlal.
  3468 | D:4      | Reached XP level 6. HP: 43/43 MP: 4/9
  3486 | D:4      | Reached * piety under Okawaru
  3491 | D:4      | Reached skill level 6 in Unarmed Combat
  4154 | D:4      | Reached skill level 7 in Unarmed Combat
  4154 | D:4      | Reached XP level 7. HP: 47/48 MP: 4/10
  4239 | D:4      | Learned a level 4 spell: Ice Form
  4415 | D:4      | Got a scorched hand axe
  4416 | D:4      | Identified the cursed +0 hand axe "Josash" {venom, rN+}
                  | (You found it on level 4 of the Dungeon)
  4712 | D:5      | Entered Level 5 of the Dungeon
  4714 | D:5      | Found a staircase to the Ecumenical Temple.
  4927 | D:5      | Reached skill level 1 in Ice Magic
  4935 | D:5      | Reached ** piety under Okawaru
  5481 | D:5      | You fall into a shaft and drop 3 floors!
  5489 | D:8      | Reached skill level 8 in Unarmed Combat
  5489 | D:8      | Reached XP level 8. HP: 40/58 MP: 5/11
  5533 | D:8      | Noticed Erica
  5834 | D:8      | Killed Erica
  5834 | D:8      | Reached skill level 10 in Unarmed Combat
  5834 | D:8      | Reached XP level 9. HP: 14/65 MP: 8/12
  5981 | D:8      | Reached *** piety under Okawaru
  6148 | D:8      | Reached skill level 11 in Unarmed Combat
  6504 | D:8      | Noticed a two-headed ogre
  6513 | D:8      | Killed a two-headed ogre
  6513 | D:8      | Reached **** piety under Okawaru
  6513 | D:8      | Reached skill level 12 in Unarmed Combat
  6732 | D:8      | Found Moforim's Armour Shop.
  6742 | D:8      | Bought a +3 ring mail of magic resistance for 260 gold
                  | pieces
  6742 | D:8      | Bought a +0 buckler for 45 gold pieces
  6987 | D:7      | Reached skill level 1 in Invocations
  7261 | D:7      | Reached XP level 10. HP: 70/73 MP: 11/13
  7487 | D:7      | Found a shimmering blue altar of Sif Muna.
  7542 | D:7      | Noticed Duvessa
  7543 | D:7      | Noticed Dowan
  7551 | D:7      | Killed Dowan
  7559 | D:7      | Killed Duvessa
  7563 | D:7      | Reached ***** piety under Okawaru
  7708 | D:7      | Found a blossoming altar of Fedhas.
  8285 | D:6      | Noticed a cyclops
  8304 | D:6      | Killed a cyclops
  8304 | D:6      | Reached skill level 5 in Fighting
  8304 | D:6      | Reached skill level 5 in Dodging
  8339 | D:6      | Found a sacrificial altar of Ru.
  8355 | D:6      | Noticed Prince Ribbit
  8367 | D:6      | Killed Prince Ribbit
  8510 | D:6      | Learned a level 5 spell: Blade Hands
  9150 | D:5      | Found a hazy altar of Hepliaklqana.
  9619 | D:9      | Found a broken altar of Ashenzari.
  9621 | D:9      | Noticed a two-headed ogre
  9634 | D:9      | Killed a two-headed ogre
  9634 | D:9      | Received a gift from Okawaru
  9634 | D:9      | Reached skill level 1 in Armour
  9878 | D:9      | Slain by a troll

Illustrated notes

Levels and vault maps discovered:
D:1:      ebering_trefoil_twist, layout_loops_corners
D:2:      layout_basic, okawaru_metal_pillars_1_2, tso_oasis_becter,
          uniq_jessica
D:3:      layout_loops_ring, grunt_qazlal_clouds
D:4:      kennysheep_big_flooded_room, layout_basic, serial_bayou_ford_a,
          st_stairs_11
D:5:      layout_loops_ring, lemuel_coloured_pillars_altar,
          minmay_temple_entry_grid
D:6:      layout_basic, basic_altar, kennysheep_opposing_triangles,
          uniq_prince_ribbit1
D:7:      minmay_skewed_foursquare, layout_basic, grunt_temple_overflow_open,
          uniq_duvessa
D:8:      layout_rooms, serial_shops, shop, uniq_erica
D:9:      layout_roguey, marbit_many_paths, minmay_crystal_water,
          evilmike_ruin_ashenzari

Skill      XL: |  1  2  3  4  5  6  7  8  9 10 |
---------------+-------------------------------+-----
Transmutations | 3 4 5 6 8 |  8.7
Unarmed Combat | 4 5 7 8 10 12 | 12.3
Poison Magic   | 1 |  1.0
Ice Magic      | 2 4 |  4.0
Fighting       | 3 4 5 |  5.9
Dodging        | 3 5 |  5.0
Invocations    | 1 3 |  3.0
Spellcasting   | 3 |  3.0
Armour         | 1 |  1.8

Action                   |  1- 3 |  4- 6 |  7- 9 | 10-12 || total
-------------------------+-------+-------+-------+-------++-------
Melee: Unarmed           |    82 |   135 |   215 |   129 ||   561
       Headbutt          |    11 |     6 |    10 |    12 ||    39
       Punch             |       |     2 |     3 |     3 ||     8
 Cast: Beastly Appendage |    18 |    17 |    17 |    11 ||    63
       Spider Form       |       |     6 |    12 |     9 ||    27
       Wereblood         |       |     3 |     7 |     3 ||    13
       Ice Form          |       |       |       |     3 ||     3
       Blade Hands       |       |       |       |     1 ||     1
Invok: Heroism           |       |       |       |     1 ||     1
Evoke: Wand              |       |       |     5 |       ||     5
  Use: Scroll            |     3 |     4 |     3 |     1 ||    11
       Potion            |     1 |     2 |     6 |     2 ||    11
 Stab: Sleeping          |     2 |       |     3 |     4 ||     9
Armor: Robe              |    20 |    12 |    14 |     9 ||    55
       Skin              |       |     1 |    35 |     4 ||    40
Dodge: Dodged            |    47 |    88 |   167 |   107 ||   409

Table legend: (Time is in decaauts)
 A = Elapsed time spent in this place.
 B = Non-inter-level travel time spent in this place.
 C = Inter-level travel time spent in this place.
 D = Time resting spent in this place.
 E = Time spent auto-exploring this place.
 F = Levels seen in this place.
 G = Mean time per level.
                   A        B        C        D        E       F      G
               +--------+--------+--------+--------+--------+-----+--------+
         Total |   9793 |   9430 |    363 |   1678 |   6440 |   9 | 1088.1 |
       Dungeon |   9793 |   9430 |    363 |   1678 |   6440 |   9 | 1088.1 |
               +--------+--------+--------+--------+--------+-----+--------+

Top non-repeatable levels by time:
     D:8: 1495 daAuts
     D:4: 1374 daAuts
     D:7: 1309 daAuts
     D:3: 1308 daAuts
     D:1: 1094 daAuts
     D:5: 1047 daAuts
     D:2: 1005 daAuts
     D:6: 868 daAuts
     D:9: 290 daAuts
